 Dungeon Crawl Stone Soup version 0.27-a0-1228-gfd60fd639a (webtiles) character file.

Game seed: 3485781303308202588

134 mandarbmax the Spear-Bearer (level 5, -11/38 HPs)
             Began as a Merfolk Gladiator on June 7, 2021.
             Killed by divine providence
             ... invoked by an orc priest
              (13 damage)
             ... on level 3 of the Dungeon.
             The game lasted 00:02:39 (1757 turns).

mandarbmax the Spear-Bearer (Merfolk Gladiator)     Turns: 1757, Time: 00:02:39

Health: -11/38     AC:  8    Str: 15    XL:     5   Next: 17%
Magic:  5/5        EV: 11    Int:  7    God:
Gold:   53         SH:  0    Dex: 16    Spells: 4/4 levels left

rFire    . . .     SeeInvis .   a - +0 trident (vorpal)
rCold    . . .     Faith    .   (no shield)
rNeg     . . .     Spirit   .   i - +0 scale mail
rPois    .         Reflect  .   c - +0 helmet
rElec    .         Harm     .   (no cloak)
rCorr    .         Rampage  .   f - +0 pair of gloves
Will     .....                  (no boots)
Stlth    ..........             (no amulet)
HPRegen  0.12/turn              (no ring)
MPRegen  0.09/turn              (no ring)

@: about to teleport
A: (nimble swimmer 2), mertail
a: no special abilities


You were on level 3 of the Dungeon.
You visited 1 branch of the dungeon, and saw 3 of its levels.

You collected 53 gold pieces.

Inventory:

Hand Weapons
 a - a +0 vorpal trident (weapon)
Missiles
 d - 3 throwing nets
 k - 8 boomerangs (quivered)
Armour
 c - a +0 helmet (worn)
 f - a +0 pair of gloves (worn)
 i - a +0 scale mail (worn)
Scrolls
 j - a scroll of holy word


   Skills:
 - Level 2.1 Fighting
 + Level 8.3 Polearms
 - Level 2.0 Throwing
 - Level 4.0 Dodging


You had 4 spell levels left.
You didn't know any spells.
Your spell library contained the following spells:

 Spells                   Type           Power      Damage    Failure   Level
 Beastly Appendage        Tmut           0%         N/A       89%         1
 Wereblood                Tmut           0%         N/A       96%         2
 Spider Form              Tmut/Pois      0%         N/A       99%         3
 Ice Form                 Ice/Tmut       0%         N/A       100%        4
 Hydra Form               Tmut           0%         N/A       100%        5


Dungeon Overview and Level Annotations

Branches:
Dungeon (3/15)

Altars:


Innate Abilities, Weirdness & Mutations

((You are quick and stealthy near water. (Stealth+, EV+, Speed+++)))
Your lower body shifts to a powerful aquatic tail in water.


Message History

The orc hits you but does no damage. The hound bites you.
You hit the orc priest but do no damage.
The orc priest looks braver for a moment.
The jackal bites you but does no damage.
An iguana comes into view.
The hound bites you but does no damage. The orc priest barely misses you.
The orc hits you but does no damage.
Unknown command.
The jackal barely misses you.
The orc priest looks encouraged for a moment.
The hound bites you.
The orc priest mumbles some strange prayers to Beogh against you.
Beogh smites you!
* * * LOW HITPOINT WARNING * * *
The orc priest looks encouraged for a moment.
The hound barely misses you.
The orc priest mumbles some strange prayers to Beogh against you.
Beogh smites you!
* * * LOW HITPOINT WARNING * * *
Unknown command.
The hound bites you but does no damage.
As you read the scroll labelled CEMUAM LYEFRO, it crumbles to dust.
You feel aware of your surroundings.
You sensed 2 altars, and 1 shop/portal.
It was a scroll of magic mapping.
The hound bites you but does no damage.
As you read the scroll labelled RIEZAO ON WOMN, it crumbles to dust.
It is a scroll of brand weapon.
Your +0 trident emits a brilliant flash of light!
a - a +0 vorpal trident (weapon)
The hound bites you but does no damage. x2
As you read the scroll labelled QEWNOS XOMESS, it crumbles to dust.
It is a scroll of identify.
j - a scroll of holy word The orc priest casts a cantrip, but nothing happens.
The hound bites you but does no damage.
As you read the scroll labelled HILESEP JUE, it crumbles to dust.
You feel strangely unstable.
It was a scroll of teleportation.
The hound closely misses you. x2
The orc priest invokes the aid of Beogh against you.
Beogh smites you!
You die...

#####.# #.#..#....>†..#,,,*,*,
#.# #,#...........#,*,*,*,
#.#*****,##.#......>.#,*,,,,,
*
#..,,,,,,*#..#########,******
* #.#*******##.# *****,,**,* *
* #.# #.# *,,,,,***,*** *
#.#*** #.# *.###,***,,,, *
*,,,,* #.# *...,,,,,**** *
****,* #@# ##..*****,,*,,
****** *,* #h# #..,,**#..,,,*
,,,,,* *,*
###.###.#,,,#...*,,* ****,*
*,* ##.or##..#*,.(..#*,,, *
*,* *,*###..Sho#..#*#hl?#**,,*
*
*,***,.......o....##S.?..**,,*
*,,,,.........>...#...#,,,*,,*
*****######...###hSoh#**,,,,,*
******* ###.# ##go##***,,*,*


You could see a hound, 2 orc priests, an adder, an orc, a quokka and a jackal.

Vanquished Creatures
  A phantom (D:3)
  An adder (D:2)
  A worm (D:2)
  A dart slug (D:1)
  An orc (D:3)
  4 ball pythons
  2 bats (D:1)
  2 endoplasms (D:2)
  2 giant cockroaches
  4 goblins
  3 hobgoblins
  2 jackals (D:2)
  A kobold (D:1)
  A quokka (D:1)
  6 frilled lizards
  4 rats
36 creatures vanquished.

Notes
Turn   | Place    | Note
-------+----------+-------------------------------------------
     0 | D:1      | mandarbmax the Merfolk Gladiator began the quest for the
                  | Orb.
     0 | D:1      | Reached XP level 1. HP: 16/16 MP: 1/1
   185 | D:1      | Reached skill level 5 in Polearms
   187 | D:1      | Reached XP level 2. HP: 16/22 MP: 2/2
   626 | D:2      | Found a faded altar of an unknown god.
   673 | D:2      | Reached skill level 6 in Polearms
   673 | D:2      | Reached XP level 3. HP: 27/27 MP: 3/3
  1538 | D:3      | Noticed a phantom
  1556 | D:3      | Killed a phantom
  1557 | D:3      | Reached skill level 8 in Polearms
  1557 | D:3      | Reached XP level 4. HP: 16/33 MP: 4/4
  1557 | D:3      | Reached XP level 5. HP: 18/38 MP: 5/5
  1757 | D:3      | Killed from afar by an orc priest

Illustrated notes

Levels and vault maps discovered:
D:1:      dpeg_arrival_shrine, layout_rooms
D:2:      layout_basic, basic_ecumenical_altar
D:3:      layout_loops_ring, lightli_temple_of_fire, vehumet_statue,
          serial_shops, nicolae_shop_temple_entry_statues_fountains,
          minmay_misc_feat_ornament, minmay_circle_x

Skill      XL: |  1  2  3 |
---------------+----------+-----
Polearms       | 5 6 8 |  8.3
Fighting       | |  2.1
Throwing       | |  2.0
Dodging        | |  4.0

Action                   |  1- 3 |  4- 6 || total
-------------------------+-------+-------++-------
Melee: Trident           |   120 |     3 ||   123
  Use: Potion            |     1 |       ||     1
       Scroll            |       |     4 ||     4
 Stab: Sleeping          |     3 |       ||     3
Armor: Leather armour    |    20 |       ||    20
       Scale mail        |    18 |    11 ||    29
Dodge: Dodged            |    51 |     6 ||    57

Table legend: (Time is in decaauts)
 A = Elapsed time spent in this place.
 B = Non-inter-level travel time spent in this place.
 C = Inter-level travel time spent in this place.
 D = Time resting spent in this place.
 E = Time spent auto-exploring this place.
 F = Levels seen in this place.
 G = Mean time per level.
                   A        B        C        D        E       F      G
               +--------+--------+--------+--------+--------+-----+--------+
         Total |   1751 |   1666 |     85 |     52 |   1368 |   3 |  583.7 |
       Dungeon |   1751 |   1666 |     85 |     52 |   1368 |   3 |  583.7 |
               +--------+--------+--------+--------+--------+-----+--------+

Top non-repeatable levels by time:
     D:2: 881 daAuts
     D:1: 617 daAuts
     D:3: 252 daAuts
